 Dungeon Crawl Stone Soup version 0.27-a0-1081-ge8a0a9c698 (webtiles) character file.

Game seed: 6934633147599029837

42 frogmouthbird the Chopper (level 3, -5/34 HPs)
             Began as a Hill Orc Fighter on Apr 26, 2021.
             Slain by Sigmund
             ... wielding a +0 scythe
              (6 damage)
             ... on level 2 of the Dungeon.
             The game lasted 00:01:20 (1237 turns).

frogmouthbird the Chopper (Hill Orc Fighter)        Turns: 1237, Time: 00:01:21

Health: -5/34      AC:  8    Str: 19    XL:     3   Next: 56%
Magic:  3/3        EV:  7    Int:  8    God:
Gold:   49         SH:  0    Dex: 10    Spells: 2/2 levels left

rFire    . . .     SeeInvis .   a - +0 war axe
rCold    . . .     Faith    .   c - +0 kite shield
rNeg     . . .     Spirit   .   b - +0 scale mail
rPois    .         Reflect  .   g - +0 helmet
rElec    .         Harm     .   (no cloak)
rCorr    .         Rampage  .   (no gloves)
Will     .....                  (no boots)
Stlth    ..........             (no amulet)
HPRegen  0.11/turn              (no ring)
MPRegen  0.08/turn              (no ring)

@: confused, attractive
A: robust 1, wild magic 1
a: no special abilities


You were on level 2 of the Dungeon.
You visited 1 branch of the dungeon, and saw 2 of its levels.

You collected 49 gold pieces.

Inventory:

Hand Weapons
 a - a +0 war axe (weapon)
Armour
 b - a +0 scale mail (worn)
 c - a +0 kite shield (worn)
 g - a +0 helmet (worn)
Jewellery
 k - a ring of resist corrosion
Scrolls
 e - a scroll of amnesia {unknown}
 h - a scroll of magic mapping {unknown}
 l - a scroll of enchant weapon {unknown}
Potions
 d - a potion of might
 j - a potion of mutation


   Skills:
 - Level 3.6 Fighting
 * Level 5.1 Axes
 - Level 3.2 Armour
 - Level 3.2 Shields


You had 2 spell levels left.
You didn't know any spells.
Your spell library was empty.

Dungeon Overview and Level Annotations

Branches:
Dungeon (2/15)

Altars:

Annotations:
D:2 Sigmund


Innate Abilities, Weirdness & Mutations

You are robust. (+10% HP)
Your spells are a little harder to cast, but a little more powerful.


Message History

No target in view!
No target in view!
No target in view!
No target in view!
No target in view!
No target in view!
No target in view!
No target in view!
No target in view!
No target in view!
No target in view!
No target in view!
No target in view!
You hear some strange, mumbled words.
You are confused.
Found a stone staircase leading down.
Something hits you. Something hits you.
You hear some strange, mumbled words.
A puff of flame appears from out of thin air!
The puff of flame hits you! Something hits you but does no damage.
It was a potion of mutation.
You feel extremely strange.
You feel less in control of your magic.
You feel robust. Something hits you.
* * * LOW HITPOINT WARNING * * *
It was a potion of curing.
You feel better. Something hits you!
* * * LOW HITPOINT WARNING * * *
Okay, then.
You hit something.
You hear some strange, mumbled words.
You are confused.
Something completely misses you.
You completely miss something. Something hits you.
* * * LOW HITPOINT WARNING * * *
Unknown command.
It was a potion of attraction.
You feel attractive to monsters. Something hits you.
You die...

#+# #.##...##
##.>.###.....##
##.....#####.###
##.......## #)#.##
#.........###....####
+.........+..........
#.>.[.....###....#### ..#
#...{...# #.#.## #.#
#.@...# ###.### #.# ##...##
#.....# #.# ##'## #.#.#.##
#.# ######.## #.#....# #.#
#.......# #.###..#
#####.###.####..# #......#
#.......#.###...## ######.#
#.###.#.#.##.....########.#
#.# #...........†.........#


There were no monsters in sight!

Vanquished Creatures
  An adder (D:2)
  A dart slug (D:1)
  4 endoplasms
  A giant cockroach (D:1)
  2 goblins (D:1)
  2 hobgoblins
  3 jackals (D:1)
  3 kobolds
  4 ball pythons
  2 bats
  2 frilled lizards (D:1)
  5 rats (D:1)
30 creatures vanquished.

Notes
Turn   | Place    | Note
-------+----------+-------------------------------------------
     0 | D:1      | frogmouthbird the Hill Orc Fighter began the quest for the
                  | Orb.
     0 | D:1      | Reached XP level 1. HP: 19/19 MP: 1/1
    59 | D:1      | Reached skill level 3 in Axes
   142 | D:1      | Reached XP level 2. HP: 19/26 MP: 2/2
   369 | D:1      | Reached skill level 4 in Axes
   659 | D:1      | Reached XP level 3. HP: 30/31 MP: 3/3
   972 | D:2      | Found a faded altar of an unknown god.
   995 | D:2      | Reached skill level 5 in Axes
  1223 | D:2      | Noticed Sigmund
  1233 | D:2      | Gained mutation: Your spells are a little harder to cast,
                  | but a little more powerful. [potion of mutation]
  1233 | D:2      | Gained mutation: You are robust. (+10% HP) [potion of
                  | mutation]
  1236 | D:2      | HP: 1/34 [something (6)]
  1237 | D:2      | Slain by Sigmund

Illustrated notes

Levels and vault maps discovered:
D:1:      onia_arrival_handbag, layout_loops_ring, minmay_close_crescents
D:2:      layout_loops_corners, basic_ecumenical_altar, uniq_sigmund, uniq_robin

Skill      XL: |  1  2  3 |
---------------+----------+-----
Axes           | 3 4 5 |  5.1
Fighting       | |  3.6
Armour         | |  3.2
Shields        | |  3.2

Action                   || total
-------------------------++-------
Melee: War axe           ||    84
  Use: Potion            ||     3
Armor: Scale mail        ||    48
Dodge: Dodged            ||    43
Block: Kite shield       ||    39

Table legend: (Time is in decaauts)
 A = Elapsed time spent in this place.
 B = Non-inter-level travel time spent in this place.
 C = Inter-level travel time spent in this place.
 D = Time resting spent in this place.
 E = Time spent auto-exploring this place.
 F = Levels seen in this place.
 G = Mean time per level.
                   A        B        C        D        E       F      G
               +--------+--------+--------+--------+--------+-----+--------+
         Total |   1280 |   1271 |      9 |    113 |    939 |   2 |  640.0 |
       Dungeon |   1280 |   1271 |      9 |    113 |    939 |   2 |  640.0 |
               +--------+--------+--------+--------+--------+-----+--------+

Top non-repeatable levels by time:
     D:1: 999 daAuts
     D:2: 281 daAuts
